 Dungeon Crawl Stone Soup version 0.30-b1-2-g02819fbbbe (webtiles) character file.

Game seed: 3667705553565410875

352 Flugkiller the Covered (level 6, 0/56 HPs)
             Began as a Minotaur Fighter on May 8, 2023.
             Succumbed to Sigmund's poison
             ... on level 3 of the Dungeon.
             The game lasted 00:01:36 (2162 turns).

Flugkiller the Covered (Minotaur Fighter)           Turns: 2162, Time: 00:01:37

Health: 0/56       AC: 20    Str: 23    XL:     6   Next: 35%
Magic:  5/5        EV:  6    Int:  5    God:
Gold:   189        SH:  4    Dex:  9    Spells: 5/5 levels left

rFire   . . .        a - +0 war axe
rCold   . . .        c - +0 buckler
rNeg    . . .        f - +0 plate armour
rPois   .            (helmet restricted)
rElec   .            m - +2 cloak
rCorr   .            p - +0 pair of gloves
SInv    .            i - +2 pair of boots
Will    .....        (no amulet) Stlth
                     j - +4 ring of slaying
HPRegen 0.29/turn    (no ring)
MPRegen 0.09/turn

%: no passive effects
@: lethally poisoned (0 -> -1)
A: horns 2, retaliatory headbutt
a: no special abilities


You were on level 3 of the Dungeon.
You visited 1 branch of the dungeon, and saw 3 of its levels.

You collected 189 gold pieces.

Inventory:

Hand Weapons
 a - a +0 war axe (weapon)
Armour
 b - a +0 scale mail
 c - a +0 buckler (worn)
 f - a +0 plate armour (worn)
   (You found it on level 1 of the Dungeon)
 i - a +2 pair of boots (worn)
   (You found it on level 1 of the Dungeon)
 m - a +2 cloak (worn)
   (You found it on level 1 of the Dungeon)
 o - a +0 kite shield
   (You found it on level 2 of the Dungeon)
 p - a +0 pair of gloves (worn)
   (You found it on level 2 of the Dungeon)
Jewellery
 d - a ring of flight
   (You found it on level 3 of the Dungeon)
 j - a +4 ring of slaying (left hand)
   (You found it on level 2 of the Dungeon)
Wands
 e - a wand of paralysis (4)
   (You found it on level 3 of the Dungeon)
 q - a wand of roots (9)
   (You took it off Natasha on level 2 of the Dungeon)
Scrolls
 g - a scroll of poison {unknown}
 r - 2 scrolls of identify
Potions
 l - a potion of flight


   Skills:
 * Level 5.5 Fighting
 * Level 4.8 Axes
 * Level 5.6 Armour
 + Level 4.5 Shields


You had 5 spell levels left.
You didn't know any spells.
Your spell library was empty.

Dungeon Overview and Level Annotations

Branches:
Dungeon (3/15)

Altars:
Okawaru
Ru
Wu Jian
Yredelemnul

Shops:
D:1 ?

Annotations:
D:3 Sigmund


Innate Abilities, Weirdness & Mutations

You have a pair of horns on your head.
You reflexively headbutt those who attack you in melee.


Message History

A dart slug comes into view.
A bat comes into view.
The dart slug launches a dart at you.
The slug dart hits you but does no damage.
You barely miss the bat. You headbutt the bat.
You kill the bat!
You slash the dart slug!
You kill the dart slug!
No target in view!
No target in view!
No target in view!
No target in view!
No target in view!
A ball python comes into view.
A ball python is nearby!
A ball python is nearby!
A ball python is nearby!
You hit the ball python. You headbutt the ball python.
You kill the ball python!
No target in view!
No target in view!
No target in view!
No target in view!
No target in view!
No target in view!
h - a scroll labelled KIEROA NEIC No target in view!
Found a stone staircase leading down and a stone staircase leading up.
Sigmund the Dreaded comes into view.
He is wielding a +2 scythe of venom.
Found a scroll labelled TOOWAHU UMPISI.
Sigmund barely misses you.
Sigmund is nearby!
Sigmund casts a spell.
Sigmund flickers and vanishes!
Deactivating autopickup; reactivate with Ctrl-A.
No target in view!
No target in view!
No target in view!
No target in view!
No target in view!
No target in view!
No target in view!
You hit something. Something hits you but does no damage.
You are poisoned.
No target in view!
You miss something.
You feel sick. Something hits you but does no damage.
You are more poisoned.
No target in view!
You hit something.
You feel very sick. Something hits you but does no damage.
You are more poisoned.
You hit something.
You feel very sick.
No target in view!
You slash something!
You feel very sick. Something hits you but does no damage.
You are more poisoned.
No target in view!
You hit something.
You feel very sick. Something hits you!
You are more poisoned.
No target in view!
You hit something.
You feel very sick. Something hits you but does no damage.
You are lethally poisoned!
Okay, then.
You can't see any enemies this would affect, really read the scroll of fear?
As you read the scroll of fear, it crumbles to dust.
You assume a fearsome visage.
You feel very sick.
Unknown command.
Okay, then.
Blink to where?
Press: ? - help, Dir - move target
As you read the scroll labelled KIEROA NEIC, it crumbles to dust.
It was a scroll of blinking.
* * * LOW HITPOINT WARNING * * *
You feel very sick.
Unknown command.
* * * LOW HITPOINT WARNING * * *
You feel very sick.
* * * LOW HITPOINT WARNING * * *
You feel very sick.
* * * LOW HITPOINT WARNING * * *
You feel sick.
* * * LOW HITPOINT WARNING * * *
You feel sick.
A rat and an endoplasm come into view.
* * * LOW HITPOINT WARNING * * *
You feel sick.
* * * LOW HITPOINT WARNING * * *
You feel sick.
* * * LOW HITPOINT WARNING * * *
You feel sick.
* * * LOW HITPOINT WARNING * * *
You feel sick.
You die...

.... . ## #....# # ..
####..#.#.###.##
#.........#....# ####
#.....#r#.#.#..# #...
#.........#.#..# #...
#....##.......†###...
#@##.###.#.#......
#.................
####.#...#.#.#..##
................#
###..........#.##
..<..#.##....#.#..
.J>...............
.###.#.....###.#.# ..
...#.........###


There were no monsters in sight!

Vanquished Creatures
  A phantom (D:2)
  A hound (D:3)
  Jessica (D:2)
  Natasha (thrice) (D:2)
  Robin (D:2)
  3 gnolls (D:2)
  3 adders (D:2)
  2 worms (D:2)
  4 dart slugs
  5 ball pythons
  3 endoplasms
  11 goblins
  7 hobgoblins
  6 kobolds
  5 quokkas
  5 bats
  6 frilled lizards
  4 rats
71 creatures vanquished.

Notes
Turn   | Place    | Note
-------+----------+-------------------------------------------
     0 | D:1      | Flugkiller the Minotaur Fighter began the quest for the
                  | Orb.
     0 | D:1      | Reached XP level 1. HP: 19/19 MP: 0/0
   156 | D:1      | Reached XP level 2. HP: 27/27 MP: 1/1
   747 | D:1      | Found Zef Vian's Magic Scroll Shop.
   818 | D:2      | Reached XP level 3. HP: 33/33 MP: 2/2
   996 | D:2      | Reached XP level 4. HP: 41/41 MP: 3/3
  1047 | D:2      | Noticed a phantom
  1053 | D:2      | Found a faded altar of an unknown god.
  1062 | D:2      | Killed a phantom
  1063 | D:2      | Reached XP level 5. HP: 39/47 MP: 4/4
  1122 | D:2      | Reached skill level 5 in Armour
  1145 | D:2      | Noticed Natasha
  1149 | D:2      | Killed Natasha
  1150 | D:2      | Reached skill level 5 in Fighting
  1157 | D:2      | Noticed Robin
  1166 | D:2      | Noticed Jessica
  1169 | D:2      | Killed Robin
  1173 | D:2      | Killed Jessica
  1267 | D:2      | Noticed Natasha
  1272 | D:2      | Killed Natasha
  1273 | D:2      | Reached XP level 6. HP: 56/56 MP: 5/5
  1303 | D:2      | Noticed Natasha
  1311 | D:2      | Killed Natasha
  1652 | D:3      | Found an iron altar of Okawaru.
  1653 | D:3      | Found an ornate altar of the Wu Jian Council.
  1654 | D:3      | Found a basalt altar of Yredelemnul.
  1988 | D:3      | Found a sacrificial altar of Ru.
  2143 | D:3      | Noticed Sigmund
  2160 | D:3      | HP: 2/56 [poisoned by Sigmund]
  2162 | D:3      | Succumbed to Sigmund's poison

Illustrated notes

Levels and vault maps discovered:
D:1:      psy_arrival_dodecagon, layout_basic, serial_shops,
          nicolae_shop_rolled_up
D:2:      layout_basic, dreamdust_ecumenical_altar_statues,
          mrwooster_statue_mirror, grunt_ministairs_14, uniq_jessica,
          uniq_robin, uniq_natasha
D:3:      layout_basic, nicolae_ru_path_of_blood, marbit_many_paths,
          chequers_temple_overflow_statue_of_worship, serial_shops,
          nicolae_lakefront_shop, chequers_serial_rivers_room_b,
          dk_noncrumbling_4, uniq_sigmund

Skill      XL: |  1  2  3  4  5 |
---------------+----------------+-----
Armour         | 4 5 |  5.6
Fighting       | 4 5 |  5.5
Axes           | 3 4 |  4.8
Shields        | 4 |  4.5

Action                     |  1- 3 |  4- 6 || total
---------------------------+-------+-------++-------
  Melee: War axe           |    55 |    85 ||   140
         Headbutt          |     4 |    15 ||    19
    Use: Scroll            |     2 |     7 ||     9
         Potion            |     3 |       ||     3
 Armour: Plate armour      |    39 |    70 ||   109
         Scale mail        |     5 |       ||     5
  Dodge: Dodged            |    19 |    20 ||    39
  Block: Buckler           |    15 |    20 ||    35
